 Dungeon Crawl Stone Soup version 0.25.1-2-g60ff931df9 (webtiles) character file.

Game seed: 15920364557075904996

770 Exodus22XD the Poker (level 7, -5/52 HPs)
             Began as a Demonspawn Gladiator on Oct 31, 2020.
             Was a Follower of Uskayaw.
             Killed by nerve-wracking pain
             ... invoked by an orc priest
              (14 damage)
             ... on level 6 of the Dungeon.
             The game lasted 00:06:38 (4756 turns).

Exodus22XD the Poker (Demonspawn Gladiator)         Turns: 4756, Time: 00:06:38

Health: -5/52      AC: 10    Str: 16    XL:     7   Next: 53%
Magic:  10/10      EV: 13    Int:  9    God:    Uskayaw [*.....]
Gold:   203        SH:  0    Dex: 15    Spells: 6/6 levels left

rFire    + . .     SeeInvis +   q - +2 spear (flame)
rCold    + . .     Gourm    .   (no shield)
rNeg     . . .     Faith    .   m - +0 ring mail
rPois    .         Spirit   .   c - +0 helmet
rElec    .         Reflect  .   p - +0 cloak
rCorr    .         Harm     .   v - +0 pair of gloves
MR       .....                  (no boots)
Stlth    +.........             (no amulet)
HPRegen  0.17/turn              i - ring of protection from cold
MPRegen  0.12/turn              u - ring of see invisible

@: no status effects
A: slimy green scales 1, fire resistance 1
a: Stomp, Renounce Religion


You were on level 6 of the Dungeon.
You worshipped Uskayaw.
Uskayaw was noncommittal.
You were near starving.

You visited 1 branch of the dungeon, and saw 5 of its levels.

You collected 203 gold pieces.

Inventory:

Hand Weapons
 a - a +0 trident
 q - a +2 spear of flaming (weapon)
Missiles
 d - 3 throwing nets (quivered)
Armour
 c - a +0 helmet (worn)
 m - a +0 ring mail (worn)
 p - a +0 cloak (worn)
 v - a +0 pair of gloves (worn)
Jewellery
 i - a ring of protection from cold (left hand)
 u - a ring of see invisible (right hand)
Wands
 r - a wand of clouds (1)
Scrolls
 b - a scroll of teleportation
 h - a scroll of remove curse
 j - 2 scrolls of fear
 l - a scroll of enchant armour
 s - 2 scrolls of random uselessness {unknown}
Potions
 e - a potion of flight
 g - 2 potions of curing
 o - a potion of might
 t - a potion of stabbing {unknown}
Comestibles
 f - 6 rations


   Skills:
 + Level 3.2 Fighting
 + Level 5.5 Polearms
 - Level 1.7 Throwing
 + Level 2.7 Armour
 + Level 3.9 Dodging
 + Level 1.4 Stealth
 * Level 4.1 Invocations


You had 6 spell levels left.
You didn't know any spells.
Your spell library was empty.

Dungeon Overview and Level Annotations

Branches:
Dungeon (6/15)
 Temple: D:4-7

Altars:
Ru
Uskayaw
Vehumet

Portals:
Abyss: D:1***


Innate Abilities, Weirdness & Mutations

You are partially covered in slimy green scales. (AC +2)
Your flesh is heat resistant. (rF+)


Message History

The orc wizard hits you with a +0 dagger.
You barely miss the orc wizard.
The orc wizard is moderately wounded.
The orc wizard closely misses you. The orc priest barely misses you.
You closely miss the orc priest.
The orc priest is moderately wounded.
The orc wizard barely misses you. The orc priest closely misses you.
The orc warrior hits you from afar with a +0 halberd!!
* * * LOW HITPOINT WARNING * * *
The orc wizard miscasts a cantrip.
The orc priest calls upon Beogh to heal the orc wizard.
The orc wizard's wounds heal themselves!
The orc wizard hits you but does no damage.
The orc wizard mumbles some strange words.
The orc wizard flickers and vanishes for a moment.
The orc wizard casts a spell at you. The puff of frost misses you.
The orc priest calls down the wrath of Beogh upon you.
Pain shoots through your body!
You die...

........##.........#####..##
....#....#......#..## #.##
##.#.......(..##o...###..#
..####....(...##....#...#
###
####.#..........o....[..#
#.# #...(####....oo#....#
##.## #..##.## ###.........#
#.#.# ### #..#
##o.......#####.#.# ##.##
#.@.####.......#.## ##.#
##(.## ##.....##.# #.###..##
#.....#.## #..#..##
#....##.# ### ###...#
#....#..# #.## ##....##
#####.......#
#..###.###..###..[........#
# ###.####
##.........###...###
#..##.## #..######....#.....


You could see an orc warrior, an orc priest, 2 orc wizards and an orc.

Vanquished Creatures
  An orc warrior (D:6)
  An ogre (D:6)
  2 centaurs (D:6)
  A bullfrog (D:6)
  3 wights (D:6)
  A bullfrog zombie (D:6)
  An orc priest (D:6)
  An orc wizard (D:6)
  A statue (D:6)
  4 adders
  A shadow imp (D:6)
  An adder zombie (D:6)
  2 worms
  2 dart slugs (D:1)
  5 leopard geckos
  7 orcs (D:6)
  5 bats
  3 giant cockroaches (D:1)
  3 goblins (D:1)
  6 hobgoblins
  4 jackals (D:2)
  6 kobolds
  2 quokkas
  6 frilled lizards
  A quokka zombie (D:6)
  6 rats
76 creatures vanquished.

Vanquished Creatures (others)
  A rat (D:2)
1 creature vanquished.

Grand Total: 77 creatures vanquished

Notes
Turn   | Place    | Note
-------+----------+-------------------------------------------
     0 | D:1      | Exodus22XD the Demonspawn Gladiator began the quest for the
                  | Orb.
     0 | D:1      | Reached XP level 1. HP: 16/16 MP: 1/1
   208 | D:1      | Gained mutation: You are partially covered in slimy green
                  | scales. (AC +2) [demonic ancestry]
   208 | D:1      | Reached XP level 2. HP: 22/22 MP: 2/2
   495 | D:1      | Reached skill level 3 in Polearms
   818 | D:1      | Reached XP level 3. HP: 25/27 MP: 3/3
  1428 | D:2      | Gained mutation: Your flesh is heat resistant. (rF+)
                  | [demonic ancestry]
  1428 | D:2      | Reached XP level 4. HP: 33/33 MP: 4/4
  1498 | D:2      | Found a hide-covered altar of Uskayaw.
  1583 | D:2      | Became a worshipper of Uskayaw the Reveler
  1988 | D:3      | Reached * piety under Uskayaw
  2283 | D:3      | You fall into a shaft and drop 3 floors!
  2312 | D:6      | Reached ** piety under Uskayaw
  2324 | D:6      | Reached skill level 1 in Armour
  2324 | D:6      | Reached skill level 1 in Invocations
  2329 | D:6      | Reached skill level 4 in Polearms
  2329 | D:6      | Reached skill level 1 in Stealth
  2329 | D:6      | Reached XP level 5. HP: 16/39 MP: 4/6
  2340 | D:6      | Reached *** piety under Uskayaw
  2561 | D:6      | Noticed a centaur
  2582 | D:6      | Killed a centaur
  2582 | D:6      | Reached XP level 6. HP: 6/46 MP: 2/7
  3151 | D:6      | Found a radiant altar of Vehumet.
  3656 | D:6      | Reached skill level 5 in Polearms
  3656 | D:6      | Reached XP level 7. HP: 37/51 MP: 9/9
  4496 | D:6      | Found a sacrificial altar of Ru.
  4596 | D:5      | Entered Level 5 of the Dungeon
  4756 | D:6      | Killed from afar by an orc priest

Illustrated notes

Levels and vault maps discovered:
D:1:      minmay_arrival_glassed_features, layout_loops_corners
D:2:      layout_basic, lemuel_coloured_pillars_altar, serial_curves,
          eino_curves_04, eino_curves_02, lemuel_old_faithful
D:3:      layout_basic, cheibrodos_ashenzari_chains, portal_sewer_entry_f
D:5:      layout_layer_cave, yredelemnul_forgotten_temple_becter, first_ration
D:6:      layout_layer_cave, vehumet_statue, basic_altar

Skill      XL: |  1  2  3  4  5  6  7 |
---------------+----------------------+-----
Dodging        | 3 |  3.9
Polearms       | 3 4 5 |  5.5
Armour         | 1 2 |  2.7
Invocations    | 1 2 3 4 |  4.1
Stealth        | 1 |  1.4
Fighting       | 3 |  3.2
Throwing       | |  1.7

Action                   |  1- 3 |  4- 6 |  7- 9 || total
-------------------------+-------+-------+-------++-------
Melee: Trident           |   162 |     2 |       ||   164
       Spear             |       |   147 |    61 ||   208
Invok: Line Pass         |       |     2 |       ||     2
  Use: Scroll            |       |     5 |     4 ||     9
       Potion            |       |     1 |     2 ||     3
 Stab: Sleeping          |     2 |     1 |       ||     3
       Confused          |       |     1 |       ||     1
       Paralysed         |       |     1 |       ||     1
  Eat: Chunk             |     2 |     4 |     2 ||     8
       Ration            |       |     1 |       ||     1
Armor: Leather armour    |    10 |       |       ||    10
       Ring mail         |    48 |    38 |    17 ||   103
Dodge: Dodged            |   101 |    61 |    43 ||   205
